 Dungeon Crawl Stone Soup version 0.31.0-32-g396128a36d (webtiles) character file.

Game seed: 4267316580905286913

2293 Doomgape the Covert (level 9, 0/62 HPs)
             Began as a Ghoul Necromancer on Apr 6, 2024.
             Slain by a vampire mosquito (10 damage)
             ... on level 5 of the Dungeon.
             The game lasted 00:32:18 (6023 turns).

Doomgape the Covert (Ghoul Necromancer)             Turns: 6023, Time: 00:32:19

Health: 0/62       AC:  3    Str: 12    XL:     9   Next: 40%
Magic:  23/23      EV: 15    Int: 18    God:
Gold:   283        SH:  0    Dex: 15    Spells: 6/14 levels left

rFire   . . .        k - +3 dagger (speed)
rCold   + . .        (no shield)
rNeg    + + +        a - +1 robe
rPois   ∞            (no helmet)
rElec   .            (no cloak)
rCorr   .            (no gloves)
SInv    .            (no boots)
Will    .....        (no amulet)
Stlth   ++++         i - ring of magical power
HPRegen 0.00/turn    h - +6 ring of dexterity
MPRegen 0.18/turn

%: no passive effects
@: inhibited regen
A: claws 1, cold resistance 1, negative energy resistance 3, inhibited
regeneration, torment resistance 2, devour on kill
a: no special abilities


You were on level 5 of the Dungeon.
You visited 1 branch of the dungeon, and saw 6 of its levels.

You collected 283 gold pieces.

Inventory:

Hand Weapons
 k - a +3 dagger of speed (weapon)
Armour
 a - a +1 robe (worn)
 c - a +2 buckler
 e - a +0 kite shield
Jewellery
 h - a +6 ring of dexterity (right claw)
 i - a ring of magical power (left claw)
 j - a ring of flight
 x - a ring of protection from fire
Wands
 p - a wand of flame (13)
 w - a wand of mindburst (8)
 A - a wand of charming (3)
Scrolls
 d - a scroll of identify
 f - a scroll of immolation
 n - a scroll of blinking
 q - a scroll of teleportation
 s - a scroll of enchant armour
 t - a scroll of fear
 v - a scroll of revelation
 y - a scroll of poison {unknown}
 z - a scroll of acquirement {unknown}
Potions
 b - a potion of magic
 g - a potion of attraction
 l - a potion of cancellation
 m - a potion of degeneration {unknown}
 o - a potion of heal wounds {unknown}
 r - a potion of curing {unknown}
 u - a potion of resistance {unknown}


   Skills:
 + Level 6.4 Dodging
 + Level 8.3 Stealth
 - Level 3.4 Spellcasting
 + Level 7.9 Necromancy


You had 6 spell levels left.
You knew the following spells:

 Your Spells              Type           Power      Damage    Failure   Level
a - Necrotise             Necr           100%       1d9       1%          1
b - Vampiric Draining     Necr           31%        2d8       1%          3
c - Animate Dead          Necr           31%        N/A       6%          4

Your spell library contained the following spells:

 Spells                   Type           Power      Damage    Failure   Level
 Sting                    Conj/Alch      12%        1d3       16%         1
 Curse of Agony           Necr           31%        N/A       17%         5
 Mercury Vapours          Alch/Air       6%         N/A       24%         2
 Olgreb's Toxic Radiance  Alch           3%         N/A       83%         4


Dungeon Overview and Level Annotations

Branches:
Dungeon (6/15)
 Temple: D:4-7

Altars:
Uskayaw
Xom

Shops:
D:2 :

Annotations:
D:4 2 transporters, ioannis32's ghost, amateur GrRe
D:5 3 runed translucent doors, kalagan's ghost, novice DECj


Innate Abilities, Weirdness & Mutations

You are immune to poison.
You have sharp fingernails.
Your flesh is cold resistant. (rC+)
You are immune to negative energy. (rN+++)
You do not regenerate when monsters are visible.
You are immune to unholy pain and torment.
You thrive by killing the living.


Message History

The vampire mosquito bites you.
You hit the vampire mosquito.
The vampire mosquito is moderately damaged.
The vampire mosquito bites you.
The vampire mosquito closely misses you.
You barely miss the vampire mosquito.
The vampire mosquito is moderately damaged.
The vampire mosquito bites you but does no damage.
You hit the vampire mosquito.
The vampire mosquito is heavily damaged.
The vampire mosquito bites you. The vampire mosquito bites you.
The vampire mosquito closely misses you.
As you read the scroll of teleportation, it crumbles to dust.
You feel strangely unstable. The vampire mosquito misses you.
The vampire mosquito bites you.
Unknown command.
The vampire mosquito attacks as it pursues you!
The vampire mosquito barely misses you. The vampire mosquito bites you.
You see here an adder corpse.
The vampire mosquito misses you.
Your surroundings seem slightly different.
The vampire mosquito bites you. The vampire mosquito misses you.
The vampire mosquito barely misses you. The vampire mosquito misses you.
You hit the vampire mosquito.
The vampire mosquito is heavily damaged.
The vampire mosquito bites you.
You hit the vampire mosquito but do no damage.
The vampire mosquito is heavily damaged.
The vampire mosquito bites you!
* * * LOW HITPOINT WARNING * * *
You closely miss the vampire mosquito.
The vampire mosquito is heavily damaged.
The vampire mosquito bites you!
* * * LOW HITPOINT WARNING * * *
You hit the vampire mosquito.
The vampire mosquito is severely damaged.
The vampire mosquito bites you!
You die...

#.##
#........#.##y†....'.....
#.#
#........#.y.).....######
#.# #.########.#########
#(# #)# #.# ..#
###.########.# .##
#.....##.....# .#
#.....##.##### .#
#.....#..y## .#
#......#.#@#* .##
#.....##.##.#** ..#
#####.##..,...* #.#
#.####*<#.# #.#
######.###.##.# #.#
#.........#**,# #.#
#.####.##.##*,*
#.#####....#.#...##.*
#...................*


You could see a vampire mosquito.

Vanquished Creatures
  Pikel (D:5)
  Sigmund (D:5)
  A water moccasin (D:5)
  2 black bears
  An ice beast (D:4)
  An ogre (D:4)
  3 lemures (D:5)
  A bullfrog (D:6)
  6 scorpions
  4 killer bees (D:4)
  A bombardier beetle (D:3)
  2 hounds
  2 jellies
  2 gnoll boudas (D:5)
  5 iguanas
  A sleepcap (D:6)
  6 adders
  4 gnolls (D:5)
  A white imp (D:5)
  4 ufetubi
  5 dart slugs
  A ribbon worm (D:2)
  An orc (D:3)
  6 ball pythons
  8 endoplasms
  4 giant cockroaches
  6 goblins
  6 hobgoblins
  6 jackals (D:2)
  9 kobolds
  A quokka (D:3)
  3 bats
  2 frilled lizards (D:3)
  4 rats
111 creatures vanquished.

Vanquished Creatures (collateral kills)
  A hound (D:5)
  An adder (D:5)
  2 orcs
  A bat (D:1)
  A jackal (D:2)
  A frilled lizard (D:1)
7 creatures vanquished.

Vanquished Creatures (others)
  An orc zombie (D:6)
1 creature vanquished.

Grand Total: 119 creatures vanquished

Notes
Turn   | Place    | Note
-------+----------+-------------------------------------------
     0 | D:1      | Doomgape the Ghoul Necromancer began the quest for the Orb.
     0 | D:1      | Reached XP level 1. HP: 14/14 MP: 3/3
   296 | D:1      | Reached XP level 2. HP: 20/20 MP: 0/4
   728 | D:1      | Reached XP level 3. HP: 26/26 MP: 6/6
   782 | D:1      | Learned a level 3 spell: Vampiric Draining
  1047 | D:2      | Found Lahirew's Book Boutique.
  1213 | D:2      | Reached skill level 3 in Stealth
  1525 | D:2      | Reached XP level 4. HP: 31/33 MP: 7/7
  2067 | D:3      | Reached XP level 5. HP: 33/38 MP: 6/8
  2139 | D:3      | Learned a level 4 spell: Animate Dead
  3047 | D:4      | Reached skill level 4 in Stealth
  3049 | D:4      | Reached skill level 5 in Necromancy
  3049 | D:4      | Reached XP level 6. HP: 20/45 MP: 3/10
  3227 | D:4      | Noticed an ice beast
  3243 | D:4      | Killed an ice beast
  3366 | D:4      | Noticed ioannis32's ghost (amateur GrRe)
  3460 | D:4      | Reached XP level 7. HP: 36/50 MP: 6/12
  3564 | D:4      | Found a transporter.
  3568 | D:4      | Identified the +7 dire flail "Huowoc" {freeze, Stlth+}
  3572 | D:4      | Found a transporter.
  3829 | D:5      | Entered Level 5 of the Dungeon
  3841 | D:5      | Reached skill level 5 in Stealth
  4204 | D:5      | Found a shimmering altar of Xom.
  4278 | D:5      | Noticed Pikel
  4554 | D:6      | Reached XP level 8. HP: 57/57 MP: 13/13
  4570 | D:6      | Reached skill level 6 in Stealth
  4899 | D:6      | Reached skill level 5 in Dodging
  5042 | D:5      | Found a hide-covered altar of Uskayaw.
  5069 | D:5      | Found a runed translucent gate.
  5076 | D:5      | Found a runed translucent gate.
  5077 | D:5      | Found a runed translucent gate.
  5078 | D:5      | Noticed kalagan's ghost (novice DECj)
  5097 | D:5      | Noticed Sigmund
  5107 | D:5      | Killed Sigmund
  5152 | D:5      | Reached skill level 7 in Stealth
  5547 | D:5      | Killed Pikel
  5548 | D:5      | Reached skill level 8 in Stealth
  5548 | D:5      | Reached XP level 9. HP: 59/62 MP: 8/14
  6023 | D:5      | Slain by a vampire mosquito

Illustrated notes

Levels and vault maps discovered:
D:1:      minmay_arrival_split_and_join, layout_basic,
          nicolae_twisty_statue_hallways
D:2:      minmay_recursive_quarters, layout_loops_ring, serial_shops, shop
D:3:      layout_basic, hex_tiny
D:4:      layout_loops_ring, gammafunk_ghost_smash, grunt_decor_junction
D:5:      minmay_clustersquares, layout_loops_cross,
          regret_index_xom_buried_treasure, overflow_temple_1_default,
          ebering_ghost_rock_garden, skrybe_limestone_x,
          kennysheep_generic_room_5, uniq_pikel, uniq_sigmund
D:6:      layout_cave_pods, mainiacjoe_overflow_brackets, grunt_ministairs_8

Skill      XL: |  1  2  3  4  5  6  7  8 |
---------------+-------------------------+-----
Dodging        | 2 3 4 6 |  6.4
Spellcasting   | 2 3 |  3.4
Stealth        | 3 4 5 8 |  8.3
Necromancy     | 5 6 7 |  7.9

Action                     |  1- 3 |  4- 6 |  7- 9 || total
---------------------------+-------+-------+-------++-------
  Melee: Unarmed           |     7 |       |       ||     7
         Short sword       |     4 |       |       ||     4
         Dagger            |    18 |    21 |    75 ||   114
         Punch             |       |       |     2 ||     2
   Cast: Necrotise         |    68 |    59 |    89 ||   216
         Vampiric Draining |       |    11 |    33 ||    44
         Animate Dead      |       |       |     6 ||     6
  Evoke: Wand              |       |       |     6 ||     6
    Use: Scroll            |     7 |     3 |     3 ||    13
         Potion            |       |     1 |       ||     1
   Stab: Distracted        |     1 |       |     3 ||     4
         Sleeping          |       |       |     1 ||     1
 Armour: Robe              |    26 |    33 |    78 ||   137
  Dodge: Dodged            |    32 |    33 |   137 ||   202
